 Dungeon Crawl Stone Soup version 0.27-a0-836-gfc908b8576 (webtiles) character file.

Game seed: 1504207820075644846

3466 sizableburger the Fighter (level 10, -7/139 HPs)
             Began as an Ogre Transmuter on Mar 31, 2021.
             Was a Priest of Makhleb.
             Mangled by a death yak (22 damage)
             ... on level 8 of the Dungeon.
             The game lasted 00:22:07 (8696 turns).

sizableburger the Fighter (Ogre Transmuter)         Turns: 8696, Time: 00:22:08

Health: -7/139     AC:  7    Str: 22    XL:     10   Next: 6%
Magic:  9/15       EV:  7    Int: 17    God:    Makhleb [***...]
Gold:   216        SH:  0    Dex:  9    Spells: 9/16 levels left

rFire    . . .     SeeInvis .     - Unarmed
rCold    . . .     Faith    +   (shield currently unavailable)
rNeg     . . .     Spirit   .   (armour currently unavailable)
rPois    +         Reflect  .   (helmet currently unavailable)
rElec    .         Harm     .   (cloak currently unavailable)
rCorr    .         Rampage  .   (gloves unavailable)
Will     +....                  (boots unavailable)
Stlth    +.........             l - amulet of faith
HPRegen  0.33/turn              i - +6 ring of strength
MPRegen  0.14/turn              b - ring of wizardry

@: about to teleport, hydra-form, wereblooded
A: fast swimmer, devour, amphibious, boosted hp, very large, unfitting armour,
(tough skin 1)
a: End Transformation, Renounce Religion, Minor Destruction, Lesser Servant of
Makhleb


You were on level 8 of the Dungeon.
You worshipped Makhleb.
Makhleb was most pleased with you.
You were a three-headed hydra.
You visited 1 branch of the dungeon, and saw 8 of its levels.
You also visited: Ossuary.

You collected 216 gold pieces.

Inventory:

Armour
 t - a +0 cloak (melded)
 x - the +1 robe of Baldness (melded) {rF+ Dex+4}
   (You found it on level 6 of the Dungeon)

   It affects your dexterity (+4).
   It protects you from fire.
Jewellery
 b - a ring of wizardry (right foreclaw)
 d - a ring of willpower
 i - a +6 ring of strength (left foreclaw)
 l - an amulet of faith (around neck)
Wands
 a - a wand of iceblast (12)
 g - a wand of flame (2)
 u - a wand of paralysis (7)
 v - a wand of random effects (11)
 y - a wand of polymorph (6)
Scrolls
 f - 2 scrolls of immolation
 h - a scroll of amnesia
 w - a scroll of holy word
Potions
 c - 3 potions of lignification
 e - a potion of invisibility
 j - a potion of ambrosia {unknown}
 k - a potion of curing {unknown}
 n - a potion of flight {unknown}
 o - a potion of haste
 p - a potion of might
 q - 2 potions of resistance
 r - 2 potions of mutation {unknown}
 s - a potion of magic {unknown}
 z - a potion of attraction {unknown}
 A - a potion of brilliance {unknown}


   Skills:
 + Level 9.0 Fighting
 - Level 1.7 Dodging
 + Level 7.2 Unarmed Combat
 - Level 3.6 Spellcasting
 + Level 6.9 Transmutations
 - Level 5.4 Invocations
 + Level 2.2 Evocations


You had 9 spell levels left.
You knew the following spells:

 Your Spells              Type           Power      Damage    Failure   Level
a - Wereblood             Tmut           26%        N/A       1%          2
b - Hydra Form            Tmut           13%        N/A       11%         5

Your spell library contained the following spells:

 Spells                   Type           Power      Damage    Failure   Level
 Beastly Appendage        Tmut           52%        N/A       1%          1
 Spider Form              Tmut/Pois      7%         N/A       4%          3
 Animate Skeleton         Necr           6%         N/A       7%          1
 Apportation              Tloc           6%         N/A       7%          1
 Corona                   Hex            3%         N/A       7%          1
 Magic Dart               Conj           12%        1d3       7%          1
 Summon Small Mammal      Summ           12%        N/A       7%          1
 Blink                    Tloc           N/A        N/A       11%         2
 Call Imp                 Summ           3%         N/A       11%         2
 Ensorcelled Hibernation  Hex/Ice        6%         N/A       11%         2
 Slow                     Hex            3%         N/A       11%         2
 Ice Form                 Ice/Tmut       14%        N/A       16%         4
 Confusing Touch          Hex            3%         N/A       21%         3
 Conjure Flame            Conj/Fire      3%         6-21      21%         3
 Dazzling Flash           Conj/Hex       6%         N/A       21%         3
 Mephitic Cloud           Conj/Pois/Air  3%         N/A       21%         3
 Tukima's Dance           Hex            3%         N/A       21%         3


Dungeon Overview and Level Annotations

Branches:
Dungeon (8/15)             Temple (0/1) D:7         Ossuary (visited)
   Lair: D:8-11

Altars:
Makhleb
Okawaru
Sif Muna
Uskayaw
Vehumet
Zin
The Shining One

Shops:
D:7 *


Innate Abilities, Weirdness & Mutations

You are a three-headed hydra.
You swim very quickly.
You can devour living enemies to heal.
You are amphibious.
Your maximum health is greatly increased.
Your armour is entirely melded.
You are incapable of wielding weapons or throwing items.
You are too large for most types of armour.
((You have tough skin. (AC +1)))


Message History

Unknown command.
You gouge the death yak!!
You devour the death yak!
You feel better.
You kill the death yak!
Makhleb accepts your kill.
You feel better.
You bite the death yak! The death yak gores you!
Your Fighting skill increases to level 9!
Your Unarmed Combat skill increases to level 7!
Your Evocations skill increases to level 2!
You have reached level 10!
You bite the death yak!
The death yak is moderately wounded.
The death yak gores you!!
You nip at the death yak but do no damage.
The death yak is moderately wounded.
The death yak gores you!!
You nip at the death yak but do no damage.
The death yak is moderately wounded.
The death yak gores you.
Unknown command.
A demon appears!
A rat comes into view.
The death yak gores you.
Unknown command.
You completely miss the death yak.
The death yak is moderately wounded.
You bite the jelly!
Your foreclaws burn!
You nip at the death yak.
The death yak gores you!!
* * * LOW HITPOINT WARNING * * *
Unknown command.
You nip at the jelly.
You kill the jelly!
Makhleb accepts your kill.
You feel better.
You nip at the death yak. x2; The death yak gores you!!
* * * LOW HITPOINT WARNING * * *
The death yak gores you!
* * * LOW HITPOINT WARNING * * *
As you read the scroll labelled JIFULA USEI, it crumbles to dust.
You feel strangely unstable.
It was a scroll of teleportation.
The death yak gores you!!
You die...

#######
#.....#
#..)3.#
#...D)#
.......YY#
#......r.#
#.[.......
#.(........
#...........
#............
#.............


You could see 2 death yaks, a rat and a friendly smoke demon (summoned).

Vanquished Creatures
  A death yak (D:8)
  Pikel (D:7)
  Maggie (D:7)
  A hornet (D:8)
  Menkaure (Ossuary)
  A sky beast (D:5)
  2 necrophages
  2 ogres (D:5)
  3 centaurs
  A phantom (D:5)
  2 lemures (D:7)
  A kobold brigand (D:7)
  A bullfrog (D:8)
  3 scorpions
  A howler monkey (D:7)
  A centaur zombie (D:6)
  2 hounds (D:5)
  2 bullfrog skeletons
  2 centaur skeletons (D:5)
  A gnoll shaman (D:7)
  2 jellies
  2 iguanas
  2 orc wizards
  A killer bee zombie (D:7)
  3 mummies (Ossuary)
  13 gnolls
  A river rat (D:8)
  5 adders
  2 shadow imps
  A white imp (D:7)
  An ufetubus (D:5)
  7 orcs
  6 ball pythons
  An endoplasm (D:2)
  2 giant cockroaches
  3 goblins (D:2)
  4 hobgoblins
  17 jackals
  8 kobolds
  5 quokkas
  4 bats
  2 frilled lizards (D:2)
  5 gnoll skeletons (Ossuary)
  4 gnoll zombies (Ossuary)
  A goblin skeleton (Ossuary)
  6 goblin zombies
  9 hobgoblin skeletons (Ossuary)
  3 hobgoblin zombies (Ossuary)
  2 kobold skeletons (Ossuary)
  3 kobold zombies (Ossuary)
  6 orc skeletons (Ossuary)
  3 orc zombies (Ossuary)
  3 rats
  2 rat skeletons (Ossuary)
  7 rat zombies (Ossuary)
176 creatures vanquished.

Vanquished Creatures (others)
  A hobgoblin zombie (Ossuary)
1 creature vanquished.

Grand Total: 177 creatures vanquished

Notes
Turn   | Place    | Note
-------+----------+-------------------------------------------
     0 | D:1      | sizableburger the Ogre Transmuter began the quest for the
                  | Orb.
     0 | D:1      | Reached XP level 1. HP: 19/19 MP: 3/3
   506 | D:1      | Reached XP level 2. HP: 27/28 MP: 3/5
   522 | D:1      | Found a glowing golden altar of the Shining One.
   611 | D:1      | Reached skill level 2 in Fighting
  1079 | D:2      | Reached XP level 3. HP: 34/35 MP: 5/7
  1743 | D:2      | Found a faded altar of an unknown god.
  1891 | D:2      | Found a burning altar of Makhleb.
  1891 | D:2      | Found a radiant altar of Vehumet.
  1960 | D:2      | Became a worshipper of Makhleb the Destroyer
  2402 | D:3      | Reached XP level 4. HP: 37/44 MP: 6/8
  2469 | D:3      | Noticed a centaur
  2484 | D:3      | Killed a centaur
  2485 | D:3      | Reached skill level 3 in Fighting
  2485 | D:3      | Reached XP level 5. HP: 18/53 MP: 7/10
  2797 | D:3      | Learned a level 5 spell: Hydra Form
  2804 | D:3      | Found a hide-covered altar of Uskayaw.
  2979 | D:3      | You fall into a shaft and drop 1 floor!
  3015 | D:4      | You fall into a shaft and drop 2 floors!
  3216 | D:6      | Found a sand-covered staircase.
  3224 | Ossuary  | Entered an ossuary
  3654 | Ossuary  | Reached * piety under Makhleb
  4075 | Ossuary  | Reached skill level 4 in Fighting
  4075 | Ossuary  | Reached XP level 6. HP: 38/62 MP: 11/11
  4075 | Ossuary  | Noticed Menkaure
  4078 | Ossuary  | Killed Menkaure
  4501 | D:6      | Found a shimmering blue altar of Sif Muna.
  4503 | D:6      | Noticed a necrophage
  4507 | D:6      | Reached skill level 5 in Fighting
  4507 | D:6      | Reached XP level 7. HP: 72/72 MP: 6/12
  4631 | D:5      | Entered Level 5 of the Dungeon
  4704 | D:4      | Reached ** piety under Makhleb
  5398 | D:5      | Reached skill level 1 in Invocations
  5426 | D:5      | Reached skill level 5 in Unarmed Combat
  5775 | D:5      | Reached XP level 8. HP: 81/81 MP: 11/13
  6140 | D:5      | Reached skill level 6 in Fighting
  6140 | D:5      | Reached skill level 5 in Transmutations
  6397 | D:5      | Reached *** piety under Makhleb
  6739 | D:6      | Identified the +1 robe of Baldness {rF+ Dex+4}
  6758 | D:6      | Learned a level 2 spell: Wereblood
  7486 | D:7      | Reached skill level 7 in Fighting
  7588 | D:7      | Noticed Pikel
  7592 | D:7      | Reached XP level 9. HP: 81/93 MP: 8/14
  7597 | D:7      | Killed Pikel
  7598 | D:7      | Reached skill level 5 in Invocations
  7716 | D:7      | Found a staircase to the Ecumenical Temple.
  7763 | D:7      | Found Asuly's Assorted Antiques.
  7824 | D:7      | Found an iron altar of Okawaru.
  8084 | D:7      | Noticed Maggie
  8104 | D:7      | Killed Maggie
  8105 | D:7      | Reached skill level 8 in Fighting
  8432 | D:7      | Found a glowing silver altar of Zin.
  8677 | D:8      | Noticed a hornet
  8678 | D:8      | Noticed a death yak
  8682 | D:8      | Killed a hornet
  8683 | D:8      | Reached skill level 1 in Evocations
  8685 | D:8      | Noticed a death yak
  8687 | D:8      | Noticed a death yak
  8689 | D:8      | Killed a death yak
  8690 | D:8      | Reached skill level 9 in Fighting
  8690 | D:8      | Reached XP level 10. HP: 107/107 MP: 9/15
  8696 | D:8      | Mangled by a death yak

Illustrated notes

Levels and vault maps discovered:
D:1:      matt_arrival_refuge, layout_rooms, minmay_hexomino_r4
D:2:      layout_loops_ring, gammafunk_temple_overflow_pools,
          chequers_ecumenical_altar_simple_redux
D:3:      layout_loops_ring, old_standard_altar, gammafunk_ghost_grave,
          serial_bayou_crossing, uniq_grinder
D:4:      layout_cave_pods
D:5:      layout_gridville
D:6:      layout_basic, old_standard_altar, enter_ossuary_4
D:7:      layout_basic, okawaru_gym_becter, marbit_many_paths,
          minmay_temple_entry_grid, serial_shops, nicolae_shop_statue_plus,
          chequers_garden, grunt_ministairs_11, uniq_maggie, uniq_pikel
D:8:      layout_basic, lemuel_doored_altar, dpeg_lair_monsters, enter_bailey_3,
          kennysheep_potato

Skill      XL: |  1  2  3  4  5  6  7  8  9 |
---------------+----------------------------+-----
Transmutations | 2 3 4 5 6 |  6.9
Fighting       | 2 3 4 5 7 9 |  9.0
Unarmed Combat | 3 4 5 6 7 |  7.2
Spellcasting   | 3 |  3.6
Invocations    | 2 4 5 |  5.4
Evocations     | 2 |  2.2
Dodging        | |  1.7

Action                   |  1- 3 |  4- 6 |  7- 9 | 10-12 || total
-------------------------+-------+-------+-------+-------++-------
Melee: Unarmed           |   126 |   175 |   250 |     5 ||   556
       Headbutt          |    11 |    26 |    16 |       ||    53
       Kick              |    15 |    47 |    15 |       ||    77
       Punch             |     1 |     1 |     1 |       ||     3
 Cast: Beastly Appendage |    17 |    21 |    14 |       ||    52
       Hydra Form        |       |     1 |    17 |       ||    18
       Wereblood         |       |       |     5 |       ||     5
Invok: Lesser Servant of |       |       |     1 |     1 ||     2
  Use: Scroll            |     3 |     7 |     4 |     1 ||    15
       Potion            |     2 |       |     4 |       ||     6
 Stab: Invisible         |     1 |       |       |       ||     1
Armor: Robe              |    30 |    45 |    29 |       ||   104
       Skin              |       |     2 |    66 |       ||    68
Dodge: Dodged            |    65 |    55 |    88 |       ||   208

Table legend: (Time is in decaauts)
 A = Elapsed time spent in this place.
 B = Non-inter-level travel time spent in this place.
 C = Inter-level travel time spent in this place.
 D = Time resting spent in this place.
 E = Time spent auto-exploring this place.
 F = Levels seen in this place.
 G = Mean time per level.
                   A        B        C        D        E       F      G
               +--------+--------+--------+--------+--------+-----+--------+
         Total |   8635 |   8201 |    434 |   2920 |   3924 |   9 |  959.4 |
       Dungeon |   7438 |   7004 |    434 |   2289 |   3729 |   8 |  929.8 |
       Ossuary |   1197 |   1197 |      0 |    631 |    195 |   1 | 1197.0 |
               +--------+--------+--------+--------+--------+-----+--------+

Top non-repeatable levels by time:
     D:7: 1632 daAuts
     D:2: 1282 daAuts
 Ossuary: 1197 daAuts
     D:5: 976 daAuts
     D:4: 961 daAuts
     D:1: 942 daAuts
     D:6: 877 daAuts
     D:3: 744 daAuts
     D:8: 20 daAuts
